 Dungeon Crawl Stone Soup version 0.28.0-53-g5a82cb258f (webtiles) character file.

Game seed: 10508843915324497534

503 styxcanada the Covert (level 6, 0/32 HPs)
             Began as a Spriggan Brigand on May 30, 2022.
             Killed by nerve-wracking pain
             ... invoked by Menkaure
              (14 damage)
             ... on level 4 of the Dungeon.
             The game lasted 00:18:46 (4955 turns).

styxcanada the Covert (Spriggan Brigand)            Turns: 4955, Time: 00:18:47

Health: 0/32       AC:  4    Str:  7    XL:     6   Next: 96%
Magic:  20/20      EV: 22    Int: 12    God:
Gold:   210        SH:  0    Dex: 19    Spells: 9/10 levels left

rFire   . . .      SeeInvis +   a - +3 dagger (venom)
rCold   . . .      Faith    .   (no shield)
rNeg    . . .      Spirit   .   b - +0 robe
rPois   .          Reflect  .   (helmet restricted)
rElec   .          Harm     .   c - +1 cloak
rCorr   .          Rampage  .   (gloves unavailable)
Will    +....                   (boots unavailable)
Stlth   ++++......              (no amulet)
HPRegen 0.10/turn               j - +4 ring of evasion
MPRegen 0.17/turn               l - ring of magical power

@: very quick
A: very small, no large weapons, unfitting armour, see invisible, speed 3
a: no special abilities


You were on level 4 of the Dungeon.
You visited 1 branch of the dungeon, and saw 4 of its levels.

You collected 223 gold pieces.
You spent 13 gold pieces at shops.

Inventory:

Hand Weapons
 a - a +3 dagger of venom (weapon)
 q - a +2 dagger of venom
 r - a +2 hand crossbow of freezing
 s - a +0 hunting sling
Missiles
 d - 6 poisoned darts (quivered)
 o - 5 silver boomerangs
 p - 90 stones
 u - a curare-tipped dart
Armour
 b - a +0 robe (worn)
 c - a +1 cloak (worn)
Jewellery
 e - a +6 ring of strength
 j - a +4 ring of evasion (left hand)
 l - a ring of magical power (right hand)
 t - a +6 ring of strength
Scrolls
 f - a scroll of amnesia
 g - 3 scrolls of identify
 i - 3 scrolls of teleportation
 m - a scroll of immolation
 n - a scroll of summoning
Potions
 h - a potion of berserk rage
 k - a potion of cancellation


   Skills:
 * Level 2.4 Fighting
 + Level 3.3 Short Blades
 + Level 2.8 Throwing
 * Level 3.5 Dodging
 * Level 9.0 Stealth
 * Level 2.7 Spellcasting
 * Level 1.3 Conjurations


You had 9 spell levels left.
You knew the following spells:

 Your Spells              Type           Power      Damage    Failure   Level
a - Magic Dart            Conj           16%        1d3       14%         1

Your spell library contained the following spells:

 Spells                   Type           Power      Damage    Failure   Level
 Call Imp                 Summ           1%         N/A       36%         2
 Mephitic Cloud           Conj/Pois/Air  2%         N/A       54%         3
 Ozocubu's Armour         Ice            1%         N/A       58%         3
 Tukima's Dance           Hex            1%         N/A       58%         3
 Anguish                  Hex/Necr       0%         N/A       94%         4
 Passage of Golubria      Tloc           1%         N/A       94%         4
 Petrify                  Tmut/Erth      1%         N/A       94%         4
 Metabolic Englaciation   Hex/Ice        0%         N/A       100%        5
 Yara's Violent Unravell  Hex/Tmut       0%         3d3       100%        5
 Simulacrum               Ice/Necr       0%         N/A       100%        6
 Statue Form              Tmut/Erth      0%         N/A       100%        6
 Enfeeble                 Hex            0%         N/A       100%        7


Dungeon Overview and Level Annotations

Branches:
Dungeon (4/15)
 Temple: D:4-7

Altars:

Shops:
D:3 *   D:4 ?

Annotations:
D:4 Menkaure


Innate Abilities, Weirdness & Mutations

You are very small and have problems with some larger weapons.
You are too small for most types of armour.
You have supernaturally acute eyesight. (SInv)
You cover ground extremely quickly. (Speed+++)


Message History

You hit Menkaure but do no damage.
Menkaure is moderately damaged.
Menkaure barely misses you.
You hit Menkaure. Your punch misses Menkaure.
Menkaure is moderately damaged.
Menkaure closely misses you.
Okay, then.
You hit Menkaure.
Menkaure is moderately damaged.
Menkaure misses you.
You barely miss Menkaure.
Menkaure is moderately damaged.
Menkaure barely misses you.
You barely miss Menkaure.
Menkaure is moderately damaged.
Menkaure closely misses you.
You barely miss Menkaure.
Menkaure is moderately damaged.
Menkaure completely misses you.
You hit Menkaure.
Menkaure is heavily damaged.
Menkaure closely misses you.
You hit Menkaure but do no damage.
Menkaure is heavily damaged.
Menkaure whispers in an indecipherable tongue.
Menkaure completely misses you.
You barely miss Menkaure.
Menkaure is heavily damaged.
Menkaure closely misses you.
You hit Menkaure.
Menkaure is heavily damaged.
Menkaure completely misses you.
You hit Menkaure.
Menkaure is severely damaged.
Menkaure closely misses you.
You hit Menkaure.
Menkaure is severely damaged.
Menkaure gestures at you while chanting.
Pain shoots through your body!
You die...

###............................
##.#.....##(.######......##..
####.............. ............
#...........#(.######.##...##..
#######.....#..# #......##..
#####.#..# #.##....#..
###.......# #.##......#
#........M# #.##......#
#........@### #.##......#
#...........# #..........
#.........#†####.##.#<#.##
###.........#.#.......#...##
#...........#.#.##.####.#..#
#.....####..#.#.##.# #.#...
#.....####.........## #.#...
######.....'.......[.....###.#...
#.#.#.#....####..########.^......


You could see Menkaure (fast).

Vanquished Creatures
  An ogre (D:4)
  A gnoll sergeant (D:4)
  A scorpion (D:3)
  2 iguanas
  2 orc wizards (D:4)
  7 adders
  3 gnolls (D:4)
  A worm (D:2)
  2 dart slugs
  6 orcs
  6 endoplasms
  5 giant cockroaches
  3 goblins
  5 hobgoblins
  8 jackals
  8 kobolds
  6 quokkas
  15 ball pythons
  7 bats
  3 frilled lizards (D:1)
  5 rats
97 creatures vanquished.

Vanquished Creatures (others)
  12 plants (D:4)
12 creatures vanquished.

Grand Total: 109 creatures vanquished

Notes
Turn   | Place    | Note
-------+----------+-------------------------------------------
     0 | D:1      | styxcanada the Spriggan Brigand began the quest for the
                  | Orb.
     0 | D:1      | Reached XP level 1. HP: 10/10 MP: 2/2
    68 | D:1      | Reached skill level 6 in Stealth
   353 | D:1      | Reached XP level 2. HP: 14/14 MP: 3/3
   743 | D:1      | Reached XP level 3. HP: 16/18 MP: 4/4
   771 | D:1      | Learned a level 1 spell: Magic Dart
  1353 | D:2      | Found a faded altar of an unknown god.
  1361 | D:2      | Reached skill level 7 in Stealth
  2035 | D:2      | Reached XP level 4. HP: 23/23 MP: 4/6
  2360 | D:3      | Found Widec's General Store.
  2397 | D:3      | Bought a scroll of noise for 13 gold pieces
  2599 | D:3      | Reached skill level 1 in Spellcasting
  2858 | D:3      | Noticed a scorpion
  2868 | D:3      | Killed a scorpion
  2869 | D:3      | Reached skill level 8 in Stealth
  2869 | D:3      | Reached XP level 5. HP: 26/26 MP: 6/8
  3630 | D:4      | Noticed an ogre
  3931 | D:4      | Reached XP level 6. HP: 16/30 MP: 10/10
  4261 | D:4      | Noticed Menkaure
  4564 | D:4      | Reached skill level 1 in Conjurations
  4755 | D:4      | Found Anunt's Magic Scroll Emporium.
  4886 | D:4      | Reached skill level 9 in Stealth
  4955 | D:4      | Killed from afar by Menkaure

Illustrated notes

Levels and vault maps discovered:
D:1:      amcnicky_arrival_abandoned_market, layout_loops_cross,
          amcnicky_mini_pool_small, minmay_misc_feat_square,
          nrook_loot_triangle, glass_columns_b, minmay_vboxes
D:2:      layout_loops_ring, shapermc_ecumenical_altar_starsandcircs,
          kennysheep_generic_room_16
D:3:      layout_basic, serial_shops, shop_coins,
          chequers_serial_rivers_small_a, grunt_decor_resistance,
          minmay_misc_feat_room, minmay_mini_jars
D:4:      layout_basic, serial_shops, kennysheep_mini_moat, st_stairs_8,
          nicolae_grassy_gnolls, uniq_menkaure

Skill      XL: |  1  2  3  4  5  6 |
---------------+-------------------+-----
Stealth        | 6 7 8 9 |  9.0
Dodging        | 2 3 |  3.5
Spellcasting   | 1 2 |  2.7
Fighting       | 2 |  2.4
Short Blades   | 3 |  3.3
Conjurations   | 1 |  1.3
Throwing       | |  2.8

Action                   |  1- 3 |  4- 6 || total
-------------------------+-------+-------++-------
Melee: Dagger            |   118 |   139 ||   257
       Punch             |       |     2 ||     2
Throw: Dart              |     5 |    30 ||    35
       Boomerang         |       |     4 ||     4
 Cast: Magic Dart        |       |    15 ||    15
  Use: Scroll            |     7 |     7 ||    14
 Stab: Sleeping          |    17 |     5 ||    22
Armor: Robe              |    12 |    14 ||    26
Dodge: Dodged            |    81 |   127 ||   208
